 Dungeon Crawl Stone Soup version 0.27-a0-594-g2aaa8dbbc2 (webtiles) character file.

Game seed: 5599128020481699868

1118 Azunone the Chucker (level 8, -1/80 HPs)
             Began as a Troll Hunter on Mar 11, 2021.
             Was an Initiate of Ru.
             Slain by an orc
             ... wielding a +0 trident
              (4 damage)
             ... on level 6 of the Dungeon.
             The game lasted 00:17:17 (4513 turns).

Azunone the Chucker (Troll Hunter)                  Turns: 4513, Time: 00:17:18

Health: -1/80      AC:  6    Str: 23    XL:     8   Next: 12%
Magic:  7/7        EV:  9    Int:  7    God:    Ru [......]
Gold:   365        SH:  0    Dex: 10    Spells: 7/7 levels left

rFire    . . .     SeeInvis .   y - +2 flail (venom)
rCold    + . .     Faith    .   (no shield)
rNeg     . . .     Spirit   .   b - +0 robe
rPois    .         Reflect  .   l - +1 hat
rElec    .         Harm     .   x - +0 cloak
rCorr    .         Rampage  .   (gloves unavailable)
Will     +....                  (boots unavailable)
Stlth    +.........             (no amulet)
HPRegen  1.23/turn              j - ring of willpower
MPRegen  0.10/turn              k - ring of protection from cold

@: no status effects
A: large, unfitting armour, claws 3, regeneration 1, shaggy fur 1, tough skin 1
a: Renounce Religion


You were on level 6 of the Dungeon.
You worshipped Ru.
Ru was noncommittal.
You visited 1 branch of the dungeon, and saw 6 of its levels.

You collected 365 gold pieces.

Inventory:

Hand Weapons
 a - a +0 short sword
 i - a +0 club
 p - a +0 mace
 y - a +2 flail of venom (weapon)
 D - a +4 hand axe
 L - a +2 mace of protection
Missiles
 c - 5 large rocks (quivered)
 d - 2 throwing nets
 f - 45 poisoned darts
 B - 8 boomerangs
Armour
 b - a +0 robe (worn)
 l - a +1 hat (worn)
 m - a +0 buckler
 x - a +0 cloak (worn)
 G - the +0 scale mail "Lugalosu" {rN+ SInv}
   (You found it on level 5 of the Dungeon)

   It protects you from negative energy.
   It lets you see invisible.
Jewellery
 j - a ring of willpower (right claw)
 k - a ring of protection from cold (left claw)
Wands
 K - a wand of polymorph (10)
Scrolls
 e - 4 scrolls of enchant armour {unknown}
 g - 2 scrolls of random uselessness {unknown}
 n - 2 scrolls of fog {unknown}
 o - a scroll of immolation {unknown}
 t - a scroll of enchant weapon {unknown}
 w - 2 scrolls of teleportation {unknown}
 J - a scroll of amnesia {unknown}
 M - a scroll of vulnerability {unknown}
Potions
 h - a potion of might
 q - 3 potions of lignification
 r - a potion of curing
 s - a potion of invisibility
 u - a potion of ambrosia
 v - a potion of flight
 z - a potion of berserk rage {unknown}
 A - a potion of cancellation
 C - 2 potions of heal wounds
 E - a potion of degeneration {unknown}
 F - a potion of brilliance
 H - a potion of magic {unknown}
 I - 2 potions of attraction


   Skills:
 + Level 5.0 Fighting
 * Level 4.4 Maces & Flails
 + Level 6.3 Throwing
 - Level 1.5 Dodging
 - Level 0.3 Stealth


You had 7 spell levels left.
You didn't know any spells.
Your spell library was empty.

Dungeon Overview and Level Annotations

Branches:
Dungeon (6/15)             Temple (0/1) D:6

Altars:
Dithmenos
Hepliaklqana
Nemelex Xobeh
Okawaru
Qazlal
Ru
Sif Muna
Vehumet
Yredelemnul

Annotations:
D:4 3 runed translucent doors, Sickboy's ghost, amateur MiFi
D:6 3 runed translucent doors, dbrn's ghost, novice MiBe


Innate Abilities, Weirdness & Mutations

You are too large for most types of armour.
You have claws for hands.
Your natural rate of healing is unusually fast.
You are covered in fur. (AC +1)
You have tough skin. (AC +1)


Message History

The hound barely misses you.
You barely miss the hound. The hound bites you.
The orc hits you but does no damage. The hound bites you but does no damage.
You sock the hound!
The hound is severely wounded.
The orc hits you from afar with a +0 trident.
The hound closely misses you.
You barely miss the hound.
The hound is severely wounded.
The hound bites you.
The orc hits you from afar with a +0 trident.
The hound bites you but does no damage.
You hit the hound.
The hound is poisoned.
The hound is almost dead.
The hound bites you.
The orc hits you from afar with a +0 trident.
The hound bites you.
You closely miss the hound.
The hound is almost dead.
The orc hits you from afar with a +0 trident.
The hound bites you. x2
You miss the hound.
The hound is almost dead.
You kill the hound!
The orc priest invokes the aid of Beogh against you.
Beogh smites you!
The orc warrior hits you from afar with a +0 trident!
* * * LOW HITPOINT WARNING * * *
Your Fighting skill increases to level 5!
You feel much better. The orc warrior closely misses you.
The orc hits you but does no damage.
The orc warrior hits you with a +0 trident!
You barely miss the orc warrior.
The orc hits you from afar with a +0 trident.
* * * LOW HITPOINT WARNING * * *
The orc warrior hits you with a +0 trident!!
* * * LOW HITPOINT WARNING * * *
You closely miss the orc warrior.
The orc hits you from afar with a +0 trident.
You die...

### #.# #.#######
.........
..########################
..)..............)........
#.....############.#######
......'..#......@oo#####
#.....##.#.##.####oo...#
#.....##.# .. #o###$#
......##.### #oo.#
...######## ...o#
..###≈≈≈≈≈## .._..o.
...#.......# #....###o
...')...._.# #...## ..
####.......# ###.# #


You could see an orc warrior, an orc priest and 2 orcs.

Vanquished Creatures
  A vampire (D:6)
  A black bear (D:6)
  A necrophage (D:6)
  2 bullfrogs
  A howler monkey (D:5)
  A bullfrog zombie (D:6)
  4 hounds
  A gnoll shaman (D:3)
  2 orc priests (D:4)
  An orc wizard (D:5)
  3 worker ants
  A hound skeleton (D:5)
  4 gnolls
  6 adders
  2 shadow imps
  2 white imps
  An ooze (D:1)
  An adder zombie (D:5)
  An adder skeleton (D:4)
  2 dart slugs (D:1)
  7 leopard geckos
  19 orcs
  2 ball pythons (D:1)
  8 giant cockroaches
  7 goblins
  4 hobgoblins
  14 jackals
  8 kobolds
  6 quokkas
  10 bats
  7 frilled lizards
  9 rats
  A spectral kobold (D:6)
140 creatures vanquished.

Vanquished Creatures (others)
  3 fungi (D:4)
  A plant (D:4)
4 creatures vanquished.

Grand Total: 144 creatures vanquished

Notes
Turn   | Place    | Note
-------+----------+-------------------------------------------
     0 | D:1      | Azunone the Troll Hunter began the quest for the Orb.
     0 | D:1      | Reached XP level 1. HP: 19/19 MP: 0/0
   113 | D:1      | Reached XP level 2. HP: 28/28 MP: 1/1
   187 | D:1      | Reached skill level 4 in Throwing
   224 | D:1      | Reached XP level 3. HP: 34/35 MP: 2/2
   855 | D:2      | Reached XP level 4. HP: 39/44 MP: 3/3
   896 | D:2      | Found a stormy altar of Qazlal.
  1088 | D:2      | Found a shimmering blue altar of Sif Muna.
  1088 | D:2      | Found an iron altar of Okawaru.
  1554 | D:3      | Found a sacrificial altar of Ru.
  1699 | D:3      | Reached XP level 5. HP: 53/53 MP: 4/4
  2230 | D:3      | Found a shadowy altar of Dithmenos.
  2494 | D:4      | Reached skill level 5 in Throwing
  2771 | D:4      | Reached XP level 6. HP: 62/62 MP: 5/5
  2967 | D:4      | Found a radiant altar of Vehumet.
  3072 | D:4      | Found a runed translucent gate.
  3072 | D:4      | Found a runed translucent gate.
  3073 | D:4      | Found a runed translucent gate.
  3073 | D:4      | Noticed Sickboy's ghost (amateur MiFi)
  3115 | D:5      | Entered Level 5 of the Dungeon
  3120 | D:5      | Reached skill level 1 in Maces & Flails
  3181 | D:5      | Identified the +0 scale mail "Lugalosu" {rN+ SInv}
  3413 | D:3      | Became a worshipper of Ru the Awakened
  3627 | D:5      | Reached XP level 7. HP: 67/71 MP: 6/6
  3786 | D:5      | Found a basalt altar of Yredelemnul.
  3962 | D:6      | Found a staircase to the Ecumenical Temple.
  3963 | D:6      | Noticed a vampire
  4088 | D:6      | Killed a vampire
  4089 | D:6      | Reached skill level 6 in Throwing
  4255 | D:6      | Found a runed translucent gate.
  4256 | D:6      | Found a runed translucent gate.
  4256 | D:6      | Found a runed translucent gate.
  4256 | D:6      | Noticed dbrn's ghost (novice MiBe)
  4444 | D:6      | Found a hazy altar of Hepliaklqana.
  4485 | D:6      | Reached XP level 8. HP: 71/79 MP: 7/7
  4494 | D:6      | Found a sparkling altar of Nemelex Xobeh.
  4510 | D:6      | Reached skill level 5 in Fighting
  4512 | D:6      | HP: 1/80 [orc warrior/+0 trident (19)]
  4513 | D:6      | Slain by an orc

Illustrated notes

Levels and vault maps discovered:
D:1:      co_arrival_square_in_a_square_in_a_square, layout_loops_ring,
          st_stairs_1, minivault_24, minmay_bisected
D:2:      layout_rooms, gammafunk_temple_overflow_pools,
          nicolae_qazlal_general_emergency
D:3:      layout_loops_ring, grunt_dithmenos_smoke_and_mirrors,
          nicolae_overflow_hidden_temple, ebering_dispersal_statue_hall
D:4:      layout_cave_pools, vehumet_crystals, gammafunk_ghost_nasty_kobolds
D:5:      layout_basic, lemuel_doored_altar
D:6:      layout_basic, nicolae_hepliaklqana_monster_ancestors,
          nicolae_overflow_crystal_walls, temple_fountains,
          gammafunk_ghost_necromancy, uniq_pikel

Skill      XL: |  1  2  3  4  5  6  7  8 |
---------------+-------------------------+-----
Fighting       | 2 3 4 5 |  5.0
Throwing       | 4 5 6 |  6.3
Maces & Flails | 2 4 |  4.4
Dodging        | |  1.5
Stealth        | |  0.3

Action                   |  1- 3 |  4- 6 |  7- 9 || total
-------------------------+-------+-------+-------++-------
Melee: Short sword       |   141 |   349 |       ||   490
       Flail             |       |    63 |    65 ||   128
Throw: Large rock        |     1 |     8 |     3 ||    12
       Throwing net      |       |     2 |     1 ||     3
  Use: Scroll            |       |     7 |     3 ||    10
       Potion            |       |     1 |     1 ||     2
 Stab: Sleeping          |     4 |     1 |       ||     5
Armor: Robe              |    58 |   206 |    30 ||   294
       Skin              |       |    11 |       ||    11
Dodge: Dodged            |    72 |   252 |    40 ||   364

Table legend: (Time is in decaauts)
 A = Elapsed time spent in this place.
 B = Non-inter-level travel time spent in this place.
 C = Inter-level travel time spent in this place.
 D = Time resting spent in this place.
 E = Time spent auto-exploring this place.
 F = Levels seen in this place.
 G = Mean time per level.
                   A        B        C        D        E       F      G
               +--------+--------+--------+--------+--------+-----+--------+
         Total |   4612 |   4225 |    387 |      0 |   2899 |   6 |  768.7 |
       Dungeon |   4612 |   4225 |    387 |      0 |   2899 |   6 |  768.7 |
               +--------+--------+--------+--------+--------+-----+--------+

Top non-repeatable levels by time:
     D:3: 1106 daAuts
     D:4: 808 daAuts
     D:1: 787 daAuts
     D:2: 715 daAuts
     D:5: 663 daAuts
     D:6: 531 daAuts
